Cogmind - Beta 16 @@@ ROGUE MODE // 2025.11.19 @ 08:03:41 Player: VivI Result: Self-destructed Performance ------------- Evolutions (1) 500 Regions Visited (5) 1000 Robots Destroyed (55) 275 Value Destroyed (833) 833 Prototype IDs (0) 0 Alien Tech Used (0) 0 Bonus (300) 300 TOTAL SCORE: 2908 Bonus ------- Aligned with FarCom 300 Cogmind --------- Core Integrity 251/400 Matter 300/300 Energy 39/250 System Corruption 0% Temperature Warm (122) Movement Treading (160) Location -8/Mines Parts ------- > --- POWER (2) -------- Ion Engine > --- PROPULSION (2) --- Light Treads Light Treads > --- UTILITY (2) ------ Small Storage Unit > --- WEAPON (3) ------- EM Pulse Cannon EM Pulse Cannon EM Pulse Cannon > --- INVENTORY (8) ---- Nuclear Core Nuclear Core Nuclear Core Light Nuclear Core Visual Processing Unit Terrain Scanner Medium Laser Peak State ------------ > --- POWER ------------ Ion Engine Light Ion Engine > --- PROPULSION ------- Light Treads Light Treads > --- UTILITY ---------- Small Storage Unit Medium Armor Plating > --- WEAPON ----------- EM Pulse Cannon EM Pulse Cannon EM Pulse Cannon > --- INVENTORY -------- Visual Processing Unit Terrain Scanner Medium Laser [Rating: 16] Favorites ----------- Power Ion Engine Engine Ion Engine Propulsion Light Treads Treads Light Treads Utility Small Storage Unit Storage Small Storage Unit Protection Medium Armor Plating Weapon EM Pulse Cannon Energy Gun Medium Laser Energy Cannon EM Pulse Cannon Ballistic Gun Light Assault Rifle Launcher Grenade Launcher Build | -11 -10 -9 -9 -9 -8 ------- Run | Yrd Mat Mat Min Exi Min Slots Evolved 2 | . . 2 . . . Power 1 | . . 1 . . . Propulsion . | . . . . . . Utility . | . . . . . . Weapon 1 | . . 1 . . . Parts Attached 23 | 6 5 11 . . 1 Power 3 | 1 1 1 . . . Engine 3 | 1 1 1 . . . Core . | . . . . . . Reactor . | . . . . . . Propulsion 5 | 2 . 3 . . . Treads 5 | 2 . 3 . . . Leg . | . . . . . . Wheel . | . . . . . . Hover . | . . . . . . Flight . | . . . . . . Utility 4 | 1 2 1 . . . Device . | . . . . . . Storage 1 | 1 . . . . . Processor . | . . . . . . Hackware . | . . . . . . Protection 3 | . 2 1 . . . Artifact . | . . . . . . Weapon 11 | 2 2 6 . . 1 Energy Gun 5 | 2 . 3 . . . Energy Cannon 4 | . . 3 . . 1 Ballistic Gun 1 | . 1 . . . . Ballistic Cannon . | . . . . . . Launcher 1 | . 1 . . . . Special Weapon . | . . . . . . Impact Weapon . | . . . . . . Slashing Weapon . | . . . . . . Piercing Weapon . | . . . . . . Special Melee Weapon . | . . . . . . Unidentified Prototypes . | . . . . . . Parts Lost 9 | . 2 4 2 . 1 Power 2 | . . 1 . . 1 Propulsion 2 | . . 2 . . . Utility 2 | . 1 . 1 . . Weapon 3 | . 1 1 1 . . Highest Loss Streak 2 | . 1 2 2 . 1 To Critical Strikes . | . . . . . . Average Backups 5 | 1 4 3 4 6 6 Power 1 | . 1 . . 2 3 Propulsion . | . . . . . . Utility 1 | . . 1 2 2 2 Weapon 1 | . 2 1 2 2 1 Tool/Special . | . . . . . . Unused Backups 7 | . . . . . 7 Power 4 | . . . . . 4 Propulsion . | . . . . . . Utility 2 | . . . . . 2 Weapon 1 | . . . . . 1 Tool/Special . | . . . . . . Average Slot Usage (%) 88 | . 98 91 95 77 86 Engine 19 | . 14 18 22 22 20 Treads 22 | . 28 18 22 22 22 Storage 11 | . 14 11 11 11 11 Protection 6 | . 13 11 8 . . Energy Gun 6 | . 7 22 . . . Energy Cannon 15 | . . 7 31 22 33 Ballistic Gun 1 | . 7 . . . . Launcher 3 | . 13 1 . . . Peak Build Rating 16 | 6 7 16 16 12 15 Average Rating 10 | 4 6 10 15 11 14 On Entrance 8 | . 6 7 16 11 12 Avg Prop Armor Cover (%) 9 | . . 9 . . . Naked Turns . | . . . . . . Heaviest Build 38 | 11 17 38 38 25 31 Greatest Support 40 | 40 40 40 40 40 40 Greatest Overweight (x) 7 | . . 7 . . . Average Overweight (x) . | . . 1 . . . Largest Inventory Capacity 8 | 8 8 8 8 8 8 Average Capacity 7 | 7 8 8 8 8 8 Most Carried 7 | 3 7 7 4 7 7 Average Carried 5 | 1 4 3 4 6 6 Final Capacity 8 | 8 8 8 8 8 8 Final Carried 7 | 2 6 4 4 7 7 Class Distribution -------------------- 65% | Mutant 23% | Tank 5% | Bomber 4% | Skirmisher Dominant Class ---------------- Mutant | -10/Materials Tank | -9/Materials Tank | -9/Mines Mutant | -9/Exiles Skirmisher | -8/Mines Resources | -11 -10 -9 -9 -9 -8 ----------- Run | Yrd Mat Mat Min Exi Min Matter Collected 694 | 208 206 215 . . 65 Remotely . | . . . . . . Salvage Created 1088 | . 301 375 62 . 350 Parts 82 | . 18 41 3 . 20 Haulers Intercepted 2 | . 1 1 . . . Recyclers Shooed 1 | . 1 . . . . Parts Field Recycled . | . . . . . . Retrieved Matter . | . . . . . . Parts Self-Destructed . | . . . . . . Prevented . | . . . . . . Parts Restored . | . . . . . . Kills | -11 -10 -9 -9 -9 -8 ------- Run | Yrd Mat Mat Min Exi Min Combat Hostiles Destroyed 37 | . 12 14 4 . 7 Guns 7 | . 1 6 . . . Cannons 7 | . . . 2 . 5 AOE 22 | . 11 7 2 . 2 Classes Destroyed 11 | . 7 3 . . 1 Worker 5 | . 2 2 . . 1 Builder 4 | . . 3 . . 1 Tunneler 2 | . 1 . . . 1 Hauler 2 | . 1 1 . . . Recycler 3 | . 2 . . . 1 Operator 1 | . 1 . . . . Watcher 1 | . . 1 . . . Swarmer 25 | . 6 11 4 . 4 Grunt 8 | . 6 . . . 2 Duelist 1 | . . . . . 1 Sentry 3 | . . 3 . . . Best Kill Streak 11 | . 11 8 4 . 8 Combat Bots Only 5 | . 5 5 4 . 4 Max Kills in Single Turn 6 | . 2 6 2 . 3 Gunslinging . | . . . . . . Exploded 4 | . 2 4 2 . 2 Melee . | . . . . . . Uniques/NPCs Destroyed . | . . . . . . Combat | -11 -10 -9 -9 -9 -8 -------- Run | Yrd Mat Mat Min Exi Min Hostile Shots Fired 146 | . 35 69 22 . 20 Missed 38 | . 8 19 7 . 4 Hits 108 | . 27 50 15 . 16 Melee 2 | . . . . . 2 Projectile 106 | . 27 50 15 . 14 Damage Taken 1469 | . 422 600 150 . 297 Core 231 | . 82 115 17 . 17 Absorbed by Shields . | . . . . . . Redirected to Shielding 50 | . 50 . . . . Regen/Repaired (Parts) 59 | . . 59 . . . Core Remaining (%) 83 | 100 67 . . . . Volleys Fired 67 | . 20 27 6 1 13 Largest 3 | . 2 3 3 1 3 Hottest 189 | . 50 150 189 63 189 Shots Fired 117 | . 24 61 10 1 21 Gun 65 | . 8 57 . . . Cannon 32 | . . . 10 1 21 Launcher 20 | . 16 4 . . . Special . | . . . . . . Kinetic 5 | . 5 . . . . Thermal 57 | . . 57 . . . Explosive 20 | . 16 4 . . . Electromagnetic 35 | . 3 . 10 1 21 Robot Hit Streak 11 | . 6 10 11 . 10 Robot Miss Streak 4 | . 4 3 1 . 2 Penetration Max . | . . . . . . Secondary Targets 2 | . . 2 . . . Max Gunslinging Chain 1 | . . 1 . . . Shots Hit Robots 73 | . 12 36 7 . 18 Core Hits 80 | . 33 28 4 . 15 Critical Kills . | . . . . . . Critical Parts Destroyed . | . . . . . . Critical Strikes 3 | . . 3 . . . Burn 3 | . . 3 . . . Melee Attacks . | . . . . . . Impact . | . . . . . . Slashing . | . . . . . . Piercing . | . . . . . . Sneak Attacks . | . . . . . . Combat Hostiles . | . . . . . . Follow-up Attacks . | . . . . . . Damage Inflicted 3214 | . 1092 1219 250 . 653 Guns 461 | . 48 413 . . . Cannons 551 | . . . 155 . 396 Explosions 2194 | . 1040 802 95 . 257 Melee . | . . . . . . Ramming 8 | . 4 4 . . . Kinetic 22 | . 22 . . . . Thermal 765 | . . 413 95 . 257 Explosive 1842 | . 1040 802 . . . Electromagnetic 577 | . 26 . 155 . 396 Impact . | . . . . . . Slashing . | . . . . . . Piercing . | . . . . . . Highest Corruption . | . . . . . . Average Corruption . | . . . . . . Corruption Purged . | . . . . . . Corruption Blocked . | . . . . . . Overload Shots . | . . . . . . Overflow Damage 55 | . 21 8 11 . 15 Projectiles 7 | . . . 4 . 3 Explosions 48 | . 21 8 7 . 12 Melee . | . . . . . . Knockbacks . | . . . . . . Impact . | . . . . . . Kinetic . | . . . . . . Secondary . | . . . . . . Self-Inflicted Damage 326 | . 153 62 37 . 74 Shots 13 | . 7 2 1 . 3 Rammed 2 | . 1 1 . . . Targets Rammed 2 | . 1 1 . . . Kicked . | . . . . . . Crushed . | . . . . . . Highest Temperature 470 | . 32 470 348 26 358 Average Temperature 164 | . 12 162 204 16 192 Received Heat Transfer 240 | . 96 81 . . 63 Effects 8 | . . 5 . . 3 Shutdowns 3 | . . 2 . . 1 Energy Bleed 1 | . . . . . 1 Interference 2 | . . 2 . . . Matter Decay 1 | . . . . . 1 Short Circuit 1 | . . 1 . . . Siege Activations . | . . . . . . Martial Activations . | . . . . . . Shielding Activations . | . . . . . . Robots Disrupted . | . . . . . . Combat Hostiles . | . . . . . . Robots Corrupted . | . . . . . . Combat Hostiles . | . . . . . . Parts Fried 5 | . . . 2 . 3 Impact Corruptions . | . . . . . . Robots Melted 1 | . . 1 . . . Combat Hostiles 1 | . . 1 . . . Parts Melted . | . . . . . . Heat Transferred 1993 | . . 1443 150 . 400 Parts Sabotaged . | . . . . . . Parts Stolen . | . . . . . . Parts Stripped . | . . . . . . Power Chain Reactions 4 | . . . 1 . 3 Alert | -11 -10 -9 -9 -9 -8 ------- Run | Yrd Mat Mat Min Exi Min Maximum Alert Level 1 | . 1 1 . . . Low Security (%) 75 | 100 97 25 100 . 100 Level 1 24 | . 2 74 . . . Level 2 . | . . . . . . Level 3 . | . . . . . . Level 4 . | . . . . . . Level 5 . | . . . . . . High Security . | . . . . . . Max Security . | . . . . . . Peak Influence 304 | . 210 304 75 . 119 Initial 85 | . . 85 75 . . Average 105 | . 79 210 27 . 52 Influence Increases 1126 | . 416 426 95 . 189 Destroy 0b10 Robot/C 740 | . 240 280 80 . 140 Destroy 0b10 Robot/NC 90 | . 35 35 . . 20 Destroy Leader 146 | . 52 64 10 . 20 Successful Hack 3 | . . 3 . . . Disable Machine 15 | . 15 . . . . Destroy Structure 102 | . 74 14 5 . 9 Lose Combat Pursuer 30 | . . 30 . . . Influence Decreases 1007 | . 214 435 243 45 70 Entered New Map 280 | . . 117 118 45 . Time Decay 637 | . 194 278 105 . 60 Lost Part 90 | . 20 40 20 . 10 Squads Dispatched 4 | . 3 1 . . . Investigation 2 | . 1 1 . . . Extermination . | . . . . . . Reinforcement 2 | . 2 . . . . Assault . | . . . . . . Garrison . | . . . . . . Intercept . | . . . . . . Searches Triggered . | . . . . . . Construction Impeded . | . . . . . . Haulers Reinforced . | . . . . . . Active Scanning Responses . | . . . . . . Cargo Convoy Interrupts . | . . . . . . Stealth | -11 -10 -9 -9 -9 -8 --------- Run | Yrd Mat Mat Min Exi Min Distress Signals 4 | . 1 3 . . . Communications Jammed . | . . . . . . Distress Signals . | . . . . . . Times Spotted 46 | . 14 21 4 . 7 Peak Tracking Total 6 | . 5 6 4 . 4 Tactical Retreats 1 | . . 1 . . . Traps | -11 -10 -9 -9 -9 -8 ------- Run | Yrd Mat Mat Min Exi Min Traps Triggered 1 | . 1 . . . . Indirectly . | . . . . . . Trap Hack Attempts . | . . . . . . Triggered . | . . . . . . Disarmed . | . . . . . . Reprogrammed . | . . . . . . Reused . | . . . . . . Traps Extracted . | . . . . . . Installed . | . . . . . . Triggered . | . . . . . . Machines | -11 -10 -9 -9 -9 -8 ---------- Run | Yrd Mat Mat Min Exi Min Machines Disabled 2 | . 1 1 . . . Max in Single Turn 1 | . 1 1 . . . Machines Repaired . | . . . . . . Machines Dismantled . | . . . . . . Machines Sabotaged . | . . . . . . Overloaded Fab Kills . | . . . . . . Hacking | -11 -10 -9 -9 -9 -8 --------- Run | Yrd Mat Mat Min Exi Min Machines Accessed 5 | . 1 2 . 2 . Terminals 1 | . 1 . . . . Fabricators . | . . . . . . Repair Stations 1 | . . 1 . . . Recycling Units . | . . . . . . Scanalyzers 1 | . . 1 . . . Garrison Access . | . . . . . . Total Hacks 17 | . 1 6 . 10 . Successful 16 | . . 6 . 10 . Failed 1 | . 1 . . . . Catastrophic 1 | . 1 . . . . Database Lockouts . | . . . . . . Manual . | . . . . . . Terminals 1 | . 1 . . . . Fabricators . | . . . . . . Repair Stations 3 | . . 3 . . . Recycling Units . | . . . . . . Scanalyzers 3 | . . 3 . . . Garrison Access . | . . . . . . Terminal Hacks 10 | . . . . 10 . Record 10 | . . . . 10 . Fabricator Hacks . | . . . . . . Repair Station Hacks 3 | . . 3 . . . Scan Component 2 | . . 2 . . . Repair 1 | . . 1 . . . Recycling Unit Hacks . | . . . . . . Scanalyzer 3 | . . 3 . . . Retrieve Study 3 | . . 3 . . . Garrison Access Hacks . | . . . . . . Unauthorized Hacks . | . . . . . . Terminals . | . . . . . . Fabricators . | . . . . . . Repair Stations . | . . . . . . Recycling Units . | . . . . . . Scanalyzers . | . . . . . . Garrison Access . | . . . . . . Data Cores Recovered . | . . . . . . Used . | . . . . . . Hacking Detections 2 | . . 2 . . . Full Trace Events 2 | . . 2 . . . Feedback Events . | . . . . . . Feedback Blocked . | . . . . . . Robot Schematics Acquired . | . . . . . . Robots Built . | . . . . . . Authchips . | . . . . . . Time . | . . . . . . Total Robot Build Rating . | . . . . . . Part Schematics Acquired . | . . . . . . Parts Built . | . . . . . . Authchips . | . . . . . . Time . | . . . . . . Total Part Build Rating . | . . . . . . Part Studies Acquired 1 | . . 1 . . . Parts Repaired 1 | . . 1 . . . Time 26 | . . 26 . . . Parts Recycled . | . . . . . . Recycled Matter . | . . . . . . Retrieved Matter . | . . . . . . Retrieved Components . | . . . . . . Parts Scanalyzed . | . . . . . . Part Schematics Acquired . | . . . . . . Parts Damaged . | . . . . . . Bothacking | -11 -10 -9 -9 -9 -8 ------------ Run | Yrd Mat Mat Min Exi Min Used RIF Installer . | . . . . . . Robots Hacked . | . . . . . . Non-combat . | . . . . . . Combat . | . . . . . . Robot Hacks Applied . | . . . . . . Relay Couplers Released . | . . . . . . Fabnet Peak Effective % . | . . . . . . Robots Rewired . | . . . . . . Allies Hacked . | . . . . . . Hacks Repelled . | . . . . . . Allies | -11 -10 -9 -9 -9 -8 -------- Run | Yrd Mat Mat Min Exi Min Total Allies . | . . . . . . Largest Group . | . . . . . . Highest-Rated Group . | . . . . . . Highest-Rated Ally . | . . . . . . Total Orders . | . . . . . . Ally Attacks . | . . . . . . Total Damage . | . . . . . . Kills . | . . . . . . Allies Corrupted . | . . . . . . Allies Melted . | . . . . . . Intel | -11 -10 -9 -9 -9 -8 ------- Run | Yrd Mat Mat Min Exi Min Active Infowar (turns) . | . . . . . . Robot Analysis Total . | . . . . . . Derelict Logs Recovered . | . . . . . . Drone Launches . | . . . . . . Drone Recoveries . | . . . . . . Exploration | -11 -10 -9 -9 -9 -8 ------------- Run | Yrd Mat Mat Min Exi Min Turns Passed 3030 | 87 740 602 359 1107 135 Spaces Moved 1506 | 58 290 194 216 688 60 Core 45 | 17 . 28 . . . Treads 1461 | 41 290 166 216 688 60 Legs . | . . . . . . Wheels . | . . . . . . Hover . | . . . . . . Flight . | . . . . . . Fastest Speed 50 | 50 160 160 160 160 160 Average Speed 163 | 127 160 196 160 160 160 Slowest Speed 400 | 160 160 400 160 160 160 Overloaded Moves . | . . . . . . Propulsion Burnouts . | . . . . . . Robots Hopped . | . . . . . . Potential Cave-ins . | . . . . . . Cave-ins Triggered . | . . . . . . Exploration Rate (%) 36 | 5 43 22 35 91 22 Regions Visited 5 Branch Regions 3 Pre-discovered Areas 1 | . . . . 1 . Known Exits Taken . | . . . . . . Unknown Exits Taken 5 | 1 1 1 1 1 . Scrap Searched 2 | . . . 1 . 1 Spaces Dug . | . . . . . . Terrain Destroyed 113 | . 87 12 5 . 9 Melee . | . . . . . . Projectile . | . . . . . . AOE 113 | . 87 12 5 . 9 Terrain Rammed . | . . . . . . Walls Destroyed . | . . . . . . Machines Disabled . | . . . . . . Actions | -11 -10 -9 -9 -9 -8 --------- Run | Yrd Mat Mat Min Exi Min Total 1976 | 71 542 368 221 693 81 Wait 338 | . 218 114 . . 6 Move 1501 | 57 289 193 215 687 60 Hop . | . . . . . . Pick Up 31 | 8 8 11 . 3 1 Fast Attach . | . . . . . . Attach 24 | 6 3 14 . . 1 Detach 1 | . . 1 . . . Swap 3 | . 2 1 . . . Drop 7 | . 1 6 . . . Fire 67 | . 20 27 6 1 13 Melee . | . . . . . . Ram . | . . . . . . Kick . | . . . . . . Crush 2 | . 1 1 . . . Escape Stasis . | . . . . . . Rewire 2 | . . . . 2 . Trap . | . . . . . . Miscellaneous . | . . . . . . Route ------- -11/Scrapyard -10/Materials -9/Materials -9/Mines (discovered 2 exits: [*Mat] / *Exi) -9/Exiles -8/Mines History --------- Turn | Location | Event 11 | -11/Scrapyard | Discovered new exit (range 15) 88 | -11/Scrapyard | Entered Materials 301 | -10/Materials | Build established: Mutant 796 | -10/Materials | Discovered new exit (range 5) 828 | -10/Materials | Entered another Materials area 828 | -9/Materials | Evolved 2 slots: Power x1, Weapon x1 1023 | -9/Materials | Discovered new exit (range 9) 1080 | -9/Materials | Repaired Ion Engine 1306 | -9/Materials | Build established: Tank 1430 | -9/Materials | Entered Mines 1485 | -9/Mines | Discovered new exit (range 5) 1492 | -9/Mines | Met a Derelict bent on vengeance 1781 | -9/Mines | Deemed a non-threat by the Exiles lab entrance 1783 | -9/Mines | Discovered new exit (range 5) 1789 | -9/Mines | Entered Exiles 1839 | -9/Exiles | Met 8R-AWN 1877 | -9/Exiles | Met EX-HEX 2011 | -9/Exiles | Met EX-DEC 2028 | -9/Exiles | Build established: Mutant 2049 | -9/Exiles | Visited The Gauntlet 2241 | -9/Exiles | Learned location of Zion (-6) 2289 | -9/Exiles | Discovered new exit (range 10) 2419 | -9/Exiles | Met EX-BIN 2448 | -9/Exiles | Aligned with FarCom system 2449 | -9/Exiles | Given EX-Vault access code 2896 | -9/Exiles | Entered Mines 3031 | -8/Mines | Self-destructed Last Messages --------------- 03021_ R-06 Scavenger collects Corrupted Lgt. Assault Rifle. 03024_ Searching scrap... 03024_ Found Target Analyzer. 03024_ Found Lgt. Ion Engine. 03024_ Found 37 Matter. 03025_ K-01 Serf collects debris. 03026_ R-06 Scavenger collects Flight Unit. 03026_ R-06 Scavenger collects Wheel. 03026_ K-01 Serf collects debris. 03028_ Chain reaction triggered in Lgt. Ion Engine. 03028_ Com. Wheel fried. 03028_ R-06 Scavenger destroyed. 03028_ T-07 Excavator destroyed. 03028_ U-05 Engineer destroyed. 03028_ K-01 Serf collects debris. 03029_ R-06 Scavenger collects Imp. Terrain Scanner. 03030_ K-01 Serf collects debris. Map ----- +----------------------------------------------------+ | ?????????????????????????????????????????????????? | | ?????????????????????????????????????????????????? | | ?????????????????????????????????????????????????? | | ?????????????????????????????????????????????????? | | ?????????????????????????????????????????????????? | | ?????????????????????????????????????????????????? | | ?????????????????????????????????????????????????? | | ?????????????????????????????????????????????????? | | ?????????????????????????????????????????????????? | | ?????????????????????????????????????????????????? | | ?????????????????????????????????????????????????? | | ?????????????????????????????????????????????????? | | ?????????????????????????????????????????????????? | | ?????????????????????????????????????????????????? | | ?????????????????????????????????????????????????? | | ?????????????????????????????????????????????????? | | ?????????????????????????????????????????????????? | | ?????????????????????????????????????????????????? | | ??????????????????????????????????????? ?????????? | | ?????????????????????????????????????? #????????? | | ?????????????????????????????????????? #????????? | | ????????????????????????########?????? #????????? | | ???????????????"""????### ## ##????? #????????? | | ???????????????""" ###;*| ##???? #????????? | | ?????????????" """ ! !=%= ###?? #????????? | | ????????? !%%*%@% ##? #????????? | | ?????????????" """ #*=|;%r ## #????????? | | ????????????????????# ####; ;# ## #????????? | | ????????????????????#????## ### k# #????????? | | ??????????????????????????# #?## ##???????? | | ??????????????????????????# #??### k #???????? | | ??????????????????????????# #????## ##??????? | | ??????????????????????????# #?????# #??????? | | ?????????????????????????? #?????# #??????? | | ?????????????????????????? #?????# #??????? | | ??????????????????????????##??????## #??????? | | ???????????????????????????????????## #??????? | | ????????????????????????????????????## ##??????? | | ????????????????????????????????????## #????? ? | | ???????????????????????????????????## ##???? ? | | ???????????????????????????????????# ##??? ? | | ???????????????????????????????????# #??# ? | | ???????????????????????????????????## ## #? ? | | ????????????????????????????????????# #?# ? | | ????????????????????????????????????# #??## ? | | ????????????????????????????????????# ####### ## | | ????????????????????????????????????# ## #? | | ????????????????????????????????????# ## #? | | ????????????????????????????????????###### ## #? | | ?????????????????????????????????????????# ## #? | +----------------------------------------------------+ Best States ------------- Heat Dissipation 28 Energy Generation 15 Energy Capacity 275 Matter Stores 300 Matter Capacity 300 Sight Range 16 Terrain Scan Density 10 Armor Coverage 225 Propulsion Shielding 33 Evasion (%) 50 Recoil Reduction 2 Item Schematics ----------------- None Robot Schematics ------------------ None Fabricated ------------ Nothing Repaired ---------- Ion Engine | 1% | -9/Materials Studied --------- Lgt. Treads | -9/Materials | Hacked Alien Tech Used ----------------- None Achievements -------------- Dramatic Entrance Librarian Sixth Sense Challenges ------------ None Game ------ Seed GuidanceAutogunWings Manual? 0 Play Time 00:21:57 Cumulative 9.0 hours Start 2025.11.17 @ 16:40:58 End 2025.11.19 @ 08:03:41 Sessions 3 Manual Loads 0 Difficulty Rogue Special Mode None Game No. 19 Rogue 8 Adventurer 11 Explorer 0 Win Type - Total 0 Types 0/0/0/0/0/0/0/0/0/0 Lore% 4 Gallery% 16 Achievement% 11 Wizard Run 0 Options --------- Layout 2 ASCII 0 Keyboard 0 Movement Mouse Keybinds 0 Fullscreen 2 Font 24/Smallcaps Map View 50x44 Zoom Use 0% Tactical HUD 1 Map Filters NONE Filters NONE Steam 1 RUN: 4157d269-ab3c-46a3-8b3c-3a8783e72f55